| TOP OF THE 1ST |
|
Indianapolis Indians batting - Pitching for Iowa Oaks : RHP Randy Romagna
|
|
Pitching: RHP Randy Romagna
|
|
|
Batting: LHB Kevin Schoendienst
|
0-0: Ball 1-0: Ball 2-0: Ball 3-0: Called Strike 3-1: Called Strike 3-2: Base on Balls
|
|
Batting: LHB Roberto Ruiz
|
0-0: Called Strike 0-1: Called Strike Kevin Schoendienst steals 2nd base 0-2: Ground out U3 (Groundball, 3L, EV 85.6 MPH) Kevin Schoendienst to third
|
|
Batting: RHB Luis Gonzalez
|
0-0: Called Strike 0-1: Reached on error, E8 (Flyball, 8RD, EV 81.3 MPH) Kevin Schoendienst scores
|
|
Batting: LHB Scott Radloff
|
0-0: Ball 1-0: Ball 2-0: Ball 3-0: Base on Balls
|
|
Batting: RHB Steven Campbell
|
0-0: Ball 1-0: Ball 2-0: Grounds into double play, 5-4-3 (Groundball, 56S, EV 78.8 MPH)
|
| Top of the 1st over - 1 run, 0 hits, 1 error, 1 left on base; Indianapolis 1 - Iowa 0 |
| BOTTOM OF THE 1ST |
|
Iowa Oaks batting - Pitching for Indianapolis Indians : RHP Andrew Muhlstock
|
|
Pitching: RHP Andrew Muhlstock
|
|
|
Batting: LHB Gary Jones
|
0-0: Ball 1-0: Foul Ball, location: 2F 1-1: Ball 2-1: Ball 3-1: Fly out, F3 (Line Drive, 3, EV 66.9 MPH)
|
|
Batting: RHB Edgar Flores
|
0-0: Swinging Strike 0-1: Ball 1-1: Ball 2-1: Swinging Strike 2-2: Fly out, F7 (Flyball, 7S, EV 86.9 MPH)
|
|
Batting: RHB Mark Benson
|
0-0: Ball 1-0: Ball 2-0: Ball 3-0: Base on Balls
|
|
Batting: SHB Mike Turgeon
|
0-0: Ball 1-0: Swinging Strike 1-1: Called Strike 1-2: Foul Ball, location: 2F 1-2: SINGLE (Groundball, 56D, EV 103.8 MPH) Mark Benson to second
|
|
Batting: SHB Rod Craig
|
0-0: Foul Ball, location: 2F 0-1: Called Strike 0-2: Fly out, F9 (Flyball, 9S, EV 86.9 MPH)
|
| Bottom of the 1st over - 0 runs, 1 hit, 0 errors, 2 left on base; Indianapolis 1 - Iowa 0 |
| TOP OF THE 2ND |
|
Indianapolis Indians batting - Pitching for Iowa Oaks : RHP Randy Romagna
|
|
Batting: LHB James Baker
|
0-0: Ball 1-0: Ground out 6-3 (Groundball, 6, EV 100.0 MPH)
|
|
Batting: RHB Robert Bonnette
|
0-0: Ball 1-0: Fly out, F8 (Flyball, 78M, EV 88.1 MPH)
|
|
Batting: SHB Julio Estrada
|
0-0: Foul Ball, location: 2F 0-1: Ball 1-1: Foul Ball, location: 2F 1-2: SINGLE (Groundball, 34D, EV 96.3 MPH)
|
|
Batting: RHB Frank Estrada
|
0-0: Ball Julio Estrada steals 2nd base 1-0: Ball 2-0: Called Strike 2-1: Fly out, F3 (Popup, 3SF, EV 79.4 MPH)
|
| Top of the 2nd over - 0 runs, 1 hit, 0 errors, 1 left on base; Indianapolis 1 - Iowa 0 |
| BOTTOM OF THE 2ND |
|
Iowa Oaks batting - Pitching for Indianapolis Indians : RHP Andrew Muhlstock
|
|
Batting: RHB Jordan Arredondo
|
0-0: Ball 1-0: Ball 2-0: Ball 3-0: Called Strike 3-1: Ground out 6-3 (Groundball, 56, EV 83.1 MPH)
|
|
Batting: SHB Michael Pace
|
0-0: Foul Ball, location: 2F 0-1: Swinging Strike 0-2: Reaches on Catchers interference
|
|
Batting: LHB Wayne Krenchicki
|
0-0: Foul Ball, location: 2F 0-1: Ball 1-1: Ball 2-1: Ball 3-1: Fielders Choice at 2nd, 4-6 (Groundball, 4, EV 85.6 MPH)
|
|
Batting: RHB Thomas Vessey
|
0-0: Swinging Strike 0-1: Called Strike 0-2: Ball Wayne Krenchicki steals 2nd base 1-2: Fly out, F6 (Popup, 6MD, EV 60.0 MPH)
|
| Bottom of the 2nd over - 0 runs, 0 hits, 1 error, 1 left on base; Indianapolis 1 - Iowa 0 |
| TOP OF THE 3RD |
|
Indianapolis Indians batting - Pitching for Iowa Oaks : RHP Randy Romagna
|
|
Batting: LHB Kevin Schoendienst
|
0-0: Ground out 1-3 (Groundball, 15S, EV 66.3 MPH)
|
|
Batting: LHB Roberto Ruiz
|
0-0: Ball 1-0: Ball 2-0: Ball 3-0: Called Strike 3-1: Ground out 4-3 (Groundball, 4, EV 86.3 MPH)
|
|
Batting: RHB Luis Gonzalez
|
0-0: Swinging Strike 0-1: Ball 1-1: Ball 2-1: Foul Ball, location: 2F 2-2: Strikes out swinging
|
| Top of the 3rd over - 0 runs, 0 hits, 0 errors, 0 left on base; Indianapolis 1 - Iowa 0 |
| BOTTOM OF THE 3RD |
|
Iowa Oaks batting - Pitching for Indianapolis Indians : RHP Andrew Muhlstock
|
|
Batting: LHB Gary Jones
|
0-0: Ball 1-0: Ground out 4-3 (Groundball, 4, EV 81.9 MPH)
|
|
Batting: RHB Edgar Flores
|
0-0: Called Strike 0-1: Ball 1-1: Ball 2-1: Foul Ball, location: 2F 2-2: Ball 3-2: Foul Ball, location: 2F 3-2: Fly out, F8 (Flyball, 8LD, EV 81.9 MPH)
|
|
Batting: RHB Mark Benson
|
0-0: Ball 1-0: Ball 2-0: Fly out, F9 (Flyball, 9LS, EV 89.4 MPH)
|
| Bottom of the 3rd over - 0 runs, 0 hits, 0 errors, 0 left on base; Indianapolis 1 - Iowa 0 |
| TOP OF THE 4TH |
|
Indianapolis Indians batting - Pitching for Iowa Oaks : RHP Randy Romagna
|
|
Batting: LHB Scott Radloff
|
0-0: Foul Ball, location: 2F 0-1: Foul Ball, location: 2F 0-2: Ball 1-2: Ground out U3 (Groundball, 3S, EV 89.4 MPH)
|
|
Batting: RHB Steven Campbell
|
0-0: Ground out 6-3 (Groundball, 6, EV 109.4 MPH)
|
|
Batting: LHB James Baker
|
0-0: Fly out, F8 (Flyball, 8LXD, EV 89.4 MPH)
|
| Top of the 4th over - 0 runs, 0 hits, 0 errors, 0 left on base; Indianapolis 1 - Iowa 0 |
| BOTTOM OF THE 4TH |
|
Iowa Oaks batting - Pitching for Indianapolis Indians : RHP Andrew Muhlstock
|
|
Batting: SHB Mike Turgeon
|
0-0: Ball 1-0: Ball 2-0: Fly out, F5 (Popup, 5F, EV 64.4 MPH)
|
|
Batting: SHB Rod Craig
|
0-0: Foul Ball, location: 2F 0-1: Swinging Strike 0-2: Hit by Pitch
|
|
Batting: RHB Jordan Arredondo
|
0-0: Ball 1-0: Ball Rod Craig steals 2nd base 2-0: Ball 3-0: Base on Balls
|
|
Batting: SHB Michael Pace
|
0-0: Ball Rod Craig steals 3rd base 1-0: Swinging Strike 1-1: Ball 2-1: Swinging Strike 2-2: Ball 3-2: Foul Ball, location: 2F 3-2: Foul Ball, location: 2F 3-2: Strikes out swinging
|
|
Batting: LHB Wayne Krenchicki
|
0-0: Called Strike 0-1: Called Strike 0-2: Foul Ball, location: 2F 0-2: Fly out, F9 (Line Drive, 9, EV 93.1 MPH)
|
| Bottom of the 4th over - 0 runs, 0 hits, 0 errors, 2 left on base; Indianapolis 1 - Iowa 0 |
| TOP OF THE 5TH |
|
Indianapolis Indians batting - Pitching for Iowa Oaks : RHP Randy Romagna
|
|
Batting: RHB Robert Bonnette
|
0-0: SINGLE (Groundball, 3D, EV 98.1 MPH)
|
|
Batting: SHB Julio Estrada
|
0-0: Bunt missed! 0-1: Bunt missed! 0-2: Fly out, F6 (Popup, 6, EV 34.4 MPH)
|
|
Batting: RHB Frank Estrada
|
0-0: Called Strike 0-1: Foul Ball, location: 2F 0-2: Ball 1-2: SINGLE (Line Drive, 7S, EV 105.0 MPH) Robert Bonnette to second
|
|
Batting: LHB Kevin Schoendienst
|
0-0: Ball 1-0: Ball 2-0: Fly out, F6 (Line Drive, 6, EV 70.6 MPH)
|
|
Batting: LHB Roberto Ruiz
|
0-0: Reached on error, E5 (Groundball, 15, EV 83.1 MPH) Robert Bonnette to third Frank Estrada to second
|
|
Batting: RHB Luis Gonzalez
|
0-0: Called Strike 0-1: Swinging Strike 0-2: Foul Ball, location: 2F 0-2: Ground out 6-3 (Groundball, 6M, EV 90.0 MPH)
|
| Top of the 5th over - 0 runs, 2 hits, 1 error, 3 left on base; Indianapolis 1 - Iowa 0 |
| BOTTOM OF THE 5TH |
|
Iowa Oaks batting - Pitching for Indianapolis Indians : RHP Andrew Muhlstock
|
|
Batting: RHB Thomas Vessey
|
0-0: Swinging Strike 0-1: Ground out 3-1 (Groundball, 34, EV 90.0 MPH)
|
|
Batting: LHB Gary Jones
|
0-0: Ball 1-0: Called Strike 1-1: Foul Ball, location: 2F 1-2: DOUBLE (Line Drive, 9LD, EV 100.0 MPH)
|
|
Batting: RHB Edgar Flores
|
0-0: Ball 1-0: Swinging Strike 1-1: Fly out, F7 (Flyball, 7LS, EV 87.5 MPH)
|
|
Batting: RHB Mark Benson
|
0-0: Ball 1-0: Ground out 2-3 (Groundball, 13S, EV 72.5 MPH)
|
| Bottom of the 5th over - 0 runs, 1 hit, 0 errors, 1 left on base; Indianapolis 1 - Iowa 0 |
| TOP OF THE 6TH |
|
Indianapolis Indians batting - Pitching for Iowa Oaks : RHP Randy Romagna
|
|
Batting: LHB Scott Radloff
|
0-0: Called Strike 0-1: Ball 1-1: Ball 2-1: SINGLE (Groundball, 34S, EV 74.4 MPH) (infield hit)
|
|
Batting: RHB Steven Campbell
|
0-0: Ball 1-0: Fly out, F9 (Line Drive, 9D, EV 86.3 MPH)
|
|
Batting: LHB James Baker
|
0-0: Fielders Choice at 2nd, 1-6 (Groundball, 13S, EV 68.1 MPH)
|
|
Batting: RHB Robert Bonnette
|
0-0: Ball 1-0: Called Strike 1-1: Called Strike 1-2: Fly out, F7 (Flyball, 78D, EV 90.6 MPH)
|
| Top of the 6th over - 0 runs, 1 hit, 0 errors, 1 left on base; Indianapolis 1 - Iowa 0 |
| BOTTOM OF THE 6TH |
|
Iowa Oaks batting - Pitching for Indianapolis Indians : RHP Andrew Muhlstock
|
|
Batting: SHB Mike Turgeon
|
0-0: Foul Ball, location: 2F 0-1: Foul Ball, location: 2F 0-2: Ball 1-2: Foul Ball, location: 2F 1-2: Ball 2-2: Ball 3-2: Base on Balls
|
|
Batting: SHB Rod Craig
|
0-0: Ball 1-0: SINGLE (Groundball, 25, EV 71.3 MPH) (infield hit) Mike Turgeon to second
|
|
Batting: RHB Jordan Arredondo
|
0-0: Called Strike 0-1: Grounds into double play, 5-4-3 (Groundball, 56, EV 102.5 MPH) Mike Turgeon to third
|
|
Batting: SHB Michael Pace
|
0-0: Called Strike 0-1: SINGLE (Groundball, 4D, EV 104.4 MPH) Mike Turgeon scores
|
|
Batting: LHB Wayne Krenchicki
|
0-0: Called Strike 0-1: Fly out, F3 (Popup, 3SF, EV 82.5 MPH)
|
| Bottom of the 6th over - 1 run, 2 hits, 0 errors, 1 left on base; Indianapolis 1 - Iowa 1 |
| TOP OF THE 7TH |
|
Indianapolis Indians batting - Pitching for Iowa Oaks : RHP Randy Romagna
|
|
Batting: SHB Julio Estrada
|
0-0: Called Strike 0-1: Ground out 6-3 (Groundball, 6, EV 98.8 MPH)
|
|
Pitching: RHP Cristian Martinez
|
|
|
Batting: RHB Frank Estrada
|
0-0: Swinging Strike 0-1: Swinging Strike 0-2: Strikes out looking
|
|
Batting: LHB Kevin Schoendienst
|
0-0: Ball 1-0: Foul Ball, location: 2F 1-1: Foul Ball, location: 2F 1-2: Strikes out swinging
|
| Top of the 7th over - 0 runs, 0 hits, 0 errors, 0 left on base; Indianapolis 1 - Iowa 1 |
| BOTTOM OF THE 7TH |
|
Iowa Oaks batting - Pitching for Indianapolis Indians : RHP Andrew Muhlstock
|
|
Batting: RHB Thomas Vessey
|
0-0: Called Strike 0-1: Swinging Strike 0-2: Ball 1-2: Foul Ball, location: 2F 1-2: Foul Ball, location: 2F 1-2: Strikes out swinging
|
|
Batting: LHB Gary Jones
|
0-0: Called Strike 0-1: Ball 1-1: Ball 2-1: Ball 3-1: Foul Ball, location: 2F 3-2: Base on Balls
|
|
Batting: RHB Edgar Flores
|
0-0: Ball 1-0: Called Strike 1-1: Swinging Strike 1-2: Ball 2-2: Fly out, F6 (Flyball, 6D, EV 96.3 MPH)
|
|
Batting: RHB Mark Benson
|
0-0: Ball 1-0: Ball 2-0: Fly out, F6 (Line Drive, 6, EV 64.4 MPH)
|
| Bottom of the 7th over - 0 runs, 0 hits, 0 errors, 1 left on base; Indianapolis 1 - Iowa 1 |
| TOP OF THE 8TH |
|
Indianapolis Indians batting - Pitching for Iowa Oaks : RHP Cristian Martinez
|
|
Batting: LHB Roberto Ruiz
|
0-0: Called Strike 0-1: Ball 1-1: Foul Ball, location: 2F 1-2: Ball 2-2: Ball 3-2: Base on Balls
|
|
Batting: RHB Luis Gonzalez
|
0-0: Called Strike 0-1: Foul Ball, location: 2F 0-2: Ball 1-2: Strikes out swinging
|
|
Batting: LHB Scott Radloff
|
0-0: Ball 1-0: Ball Wild Pitch! Roberto Ruiz to second 2-0: Intentional Walk
|
|
Batting: RHB Steven Campbell
|
0-0: Fielders Choice at 2nd, 3-6 (Groundball, 34S, EV 83.1 MPH) Roberto Ruiz to third
|
|
Batting: LHB James Baker
|
0-0: Foul Ball, location: 2F 0-1: Ball 1-1: Ball 2-1: Fielders Choice at 2nd, 6-4 (Groundball, 6, EV 99.4 MPH)
|
| Top of the 8th over - 0 runs, 0 hits, 0 errors, 2 left on base; Indianapolis 1 - Iowa 1 |
| BOTTOM OF THE 8TH |
|
Iowa Oaks batting - Pitching for Indianapolis Indians : RHP Andrew Muhlstock
|
|
Batting: SHB Mike Turgeon
|
0-0: Called Strike 0-1: Fly out, F7 (Flyball, 78XD, EV 79.4 MPH)
|
|
Pitching: RHP Michael Culbert
|
|
|
Batting: SHB Rod Craig
|
0-0: Ball 1-0: Ball 2-0: Fly out, F7 (Line Drive, 7, EV 84.4 MPH)
|
|
Batting: RHB Jordan Arredondo
|
0-0: Fly out, F9 (Flyball, 9LS, EV 87.5 MPH)
|
| Bottom of the 8th over - 0 runs, 0 hits, 0 errors, 0 left on base; Indianapolis 1 - Iowa 1 |
| TOP OF THE 9TH |
|
Indianapolis Indians batting - Pitching for Iowa Oaks : RHP Cristian Martinez
|
|
Pitching: RHP DeWayne Buice
|
|
|
Pinch Hitting: SHB Bobby Ball
|
0-0: Swinging Strike 0-1: Called Strike 0-2: Strikes out swinging
|
|
Batting: SHB Julio Estrada
|
0-0: Called Strike 0-1: Swinging Strike 0-2: Strikes out swinging
|
|
Pinch Hitting: LHB James Maxwell
|
0-0: Ball 1-0: Swinging Strike 1-1: Foul Ball, location: 2F 1-2: Strikes out swinging
|
| Top of the 9th over - 0 runs, 0 hits, 0 errors, 0 left on base; Indianapolis 1 - Iowa 1 |
| BOTTOM OF THE 9TH |
|
Iowa Oaks batting - Pitching for Indianapolis Indians : RHP Michael Culbert
|
|
Now at C: Bill Lindsey
|
|
|
Now at 3B: James Maxwell
|
|
|
Batting: SHB Michael Pace
|
0-0: Called Strike 0-1: Fly out, F9 (Flyball, 89D, EV 101.3 MPH)
|
|
Pinch Hitting: LHB Ronald Little
|
0-0: Ball 1-0: Called Strike 1-1: Called Strike 1-2: Foul Ball, location: 2F 1-2: SOLO HOME RUN (Flyball, 9D, EV 98.8 MPH), Distance : 379 ft
|
| Bottom of the 9th over - 1 run, 1 hit, 0 errors, 0 left on base; Indianapolis 1 - Iowa 2 |
|